 Dungeon Sprint DCSS version 0.17-a0-1646-geb1493d (webtiles) character file.

7832 nuthulu the Grappler (level 11, -4/120 HPs)
             Began as a Troll Hunter on Aug 11, 2015.
             Was a High Priest of Trog.
             Slain by a 12-headed hydra (8 damage)
             ... while paralysed by a giant eyeball
             ... in the Dungeon (Sprint I: "Red Sonja").
             The game lasted 00:07:50 (1644 turns).

nuthulu the Grappler (Troll Hunter)                 Turns: 1644, Time: 00:07:50

Health: -4/120     AC:  8    Str: 22    XL:     11   Next: 1%
Magic:  10/10      EV:  1    Int:  7    God:    Trog [*****.]
Gold:   1063       SH:  0    Dex: 13    Spells: 0 memorised, 10 levels left

rFire  . . .     SeeInvis .     f - +5 blowgun
rCold  . . .     Clarity  .     n - troll hide
rNeg   . . .     SustAt   .     (no shield)
rPois  .         Gourm    +     (helmet restricted)
rElec  .         Spirit   .     o - +2 cloak
rCorr  .         Warding  .     (gloves unavailable)
rMut   .         NoTele   +     (boots unavailable)
MR     .....                    (no amulet)
Stlth  +.........               (no ring)
                                (no ring)

@: paralysed, not resistant to hostile enchantments, very unstealthy
A: unfitting armour, claws 3, fast metabolism 3, gourmand, regeneration 2,
shaggy fur 1, tough skin 2
a: Burn Spellbooks, Berserk, Trog's Hand, Brothers in Arms, Renounce Religion


You were in the Dungeon.
You worshipped Trog.
Trog was extremely pleased with you.
You were very full.

You visited 1 branch You collected 1228 gold pieces.
You spent 165 gold pieces at shops.

Inventory:

Hand weapons
 c - a +0 giant spiked club
 f - a +5 blowgun (weapon)
Missiles
 a - 3 large rocks
 b - a throwing net
 l - 2 needles of sleeping
 m - 6 curare-tipped needles (quivered)
 q - 2 tomahawks of returning
 u - 8 poisoned javelins
 v - 6 javelins of returning
Armour
 d - a +0 robe
 n - a troll hide (worn)
 o - a +2 cloak (worn)
Scrolls
 k - a scroll of blinking
Potions
 g - 2 potions of heal wounds
 h - a potion of haste
 i - 2 potions of magic
 j - a potion of berserk rage
 p - 2 potions of curing
 r - 2 potions of agility {unknown}
 s - a potion of might {unknown}
Comestibles
 e - 2 bread rations
 t - 11 chunks of flesh


   Skills:
 + Level 11.5 Fighting
 + Level 12.7 Throwing
 + Level 11.5 Dodging
 - Level 0.4 Stealth
 + Level 13.2 Unarmed Combat


You had 10 spell levels left.
You didn't know any spells.

Dungeon Overview and Level Annotations

Branches:
Dungeon (1/1)

Altars:
Cheibriados
Dithmenos
Elyvilon
Fedhas
Gozag
Kikubaaqudgha
Makhleb
Nemelex Xobeh
Okawaru
Qazlal
Ru
Sif Muna
Trog
Vehumet
Xom
Yredelemnul
Zin
The Shining One
Jiyva

Shops:
D [([


Innate Abilities, Weirdness & Mutations

You are too large for most types of armour.
You have claws for hands.
Your metabolism is lightning-fast.
You like to eat raw meat.
You heal very quickly.
You are covered in fur (AC +1).
You have very tough skin (AC +2).


Message History

The giant eyeball gazes at you.
You suddenly lose the ability to move!
The 12-headed hydra bites you!
The 12-headed hydra bites you but does no damage.
The 12-headed hydra bites you!
* * * LOW HITPOINT WARNING * * *
The 12-headed hydra bites you!
* * * LOW HITPOINT WARNING * * *
The 12-headed hydra bites you!
* * * LOW HITPOINT WARNING * * *
The 12-headed hydra bites you but does no damage.
The 12-headed hydra bites you.
* * * LOW HITPOINT WARNING * * *
The 12-headed hydra bites you.
* * * LOW HITPOINT WARNING * * *
The 12-headed hydra bites you but does no damage.
The 12-headed hydra barely misses you.
The 12-headed hydra bites you but does no damage.
The 12-headed hydra bites you!
You die...

#######################
)...#.(#§§.§÷§§§@D§G.(#
#..†##+#§####§§§§§##$§+
#.††)§.#§# ##§§§## ##
#####§§§§# ###+#
#..##+#### '..#...
#..#..§§ ##'###§.§
##.'.#...#


You could see a 12-headed hydra.

Vanquished Creatures
  2 centaur warriors (D)
  Sonja (D)
  A deep troll (D)
  An oklob plant (D)
  A lindwurm (D)
  2 kobold demonologists (D)
  A gargoyle (D)
  3 demonic crawlers (D)
  A slime creature (D)
  Sigmund (D)
  4 trapdoor spiders (D)
  A yak (D)
  13 hogs (D)
  A wasp (D)
  An ogre (D)
  A jelly (D)
  Ijyb (D)
  A giant eyeball (D)
  A ballistomycete (D)
38 creatures vanquished.

Vanquished Creatures (collateral kills)
  A demonic crawler (D)
1 creature vanquished.

Vanquished Creatures (others)
  A gargoyle (D)
  2 giant spores (D)
3 creatures vanquished.

Grand Total: 42 creatures vanquished

Notes
Turn   | Place    | Note
--------------------------------------------------------------
     0 | D        | nuthulu the Troll Hunter began the quest for the Orb.
     0 | D        | Reached XP level 1. HP: 19/19 MP: 0/0
     3 | D        | Noticed Ijyb
     7 | D        | Killed Ijyb
     7 | D        | Reached skill level 4 in Throwing
     7 | D        | Reached XP level 2. HP: 25/29 MP: 1/1
   117 | D        | Noticed an ogre
   120 | D        | Killed an ogre
   120 | D        | Reached skill level 5 in Throwing
   120 | D        | Reached XP level 3. HP: 35/39 MP: 2/2
   120 | D        | Reached XP level 4. HP: 43/48 MP: 3/3
   157 | D        | Noticed Sigmund
   161 | D        | Killed Sigmund
   161 | D        | Reached skill level 5 in Fighting
   161 | D        | Reached skill level 6 in Throwing
   161 | D        | Reached skill level 5 in Dodging
   161 | D        | Reached XP level 5. HP: 53/57 MP: 4/4
   278 | D        | Found a deep blue altar of Sif Muna.
   279 | D        | Noticed a jelly
   281 | D        | Killed a jelly
   281 | D        | Reached XP level 6. HP: 66/66 MP: 5/5
   282 | D        | Found a radiant altar of Vehumet.
   306 | D        | Found Kuaxt's Weapon Emporium.
   306 | D        | Found a white marble altar of Elyvilon.
   306 | D        | Found a stormy altar of Qazlal.
   306 | D        | Found a basalt altar of Yredelemnul.
   306 | D        | Found an iron altar of Okawaru.
   306 | D        | Found a sparkling altar of Nemelex Xobeh.
   306 | D        | Found a shimmering altar of Xom.
   306 | D        | Found an ancient bone altar of Kikubaaqudgha.
   306 | D        | Noticed a yak
   314 | D        | Killed a yak
   314 | D        | Reached skill level 7 in Throwing
   315 | D        | Found a burning altar of Makhleb.
   315 | D        | Found a sacrificial altar of Ru.
   315 | D        | Found a glowing golden altar of the Shining One.
   315 | D        | Found an opulent altar of Gozag.
   315 | D        | Found a glowing silver altar of Zin.
   317 | D        | Found a bloodstained altar of Trog.
   341 | D        | Became a worshipper of Trog the Wrathful
   354 | D        | Found a snail-covered altar of Cheibriados.
   354 | D        | Found a viscous altar of Jiyva.
   354 | D        | Found a shadowy altar of Dithmenos.
   354 | D        | Found a blossoming altar of Fedhas.
   354 | D        | Noticed a slime creature
   358 | D        | Killed a slime creature
   358 | D        | Reached skill level 8 in Throwing
   358 | D        | Reached XP level 7. HP: 74/76 MP: 6/6
   374 | D        | Killed a gargoyle
   389 | D        | Noticed a centaur warrior
   394 | D        | Noticed Sonja
   397 | D        | Killed Sonja
   397 | D        | Acquired Trog's first power
   397 | D        | Reached skill level 9 in Throwing
   397 | D        | Reached XP level 8. HP: 65/88 MP: 7/7
   439 | D        | Noticed a deep troll
   449 | D        | Killed a deep troll
   548 | D        | Found Obraoj's Armour Emporium.
   553 | D        | Bought a +2 cloak for 165 gold pieces
   721 | D        | Noticed a kobold demonologist
   722 | D        | Noticed a kobold demonologist
   724 | D        | Killed a kobold demonologist
   724 | D        | Acquired Trog's second power
   724 | D        | Reached skill level 10 in Throwing
   724 | D        | Reached skill level 10 in Unarmed Combat
   724 | D        | Reached XP level 9. HP: 94/97 MP: 8/8
   732 | D        | Killed a kobold demonologist
   854 | D        | Noticed a centaur warrior
   867 | D        | Killed a centaur warrior
   867 | D        | Received a gift from Trog
   867 | D        | Reached skill level 11 in Unarmed Combat
   883 | D        | Killed a centaur warrior
   954 | D        | Noticed a wasp
   955 | D        | Killed a wasp
   955 | D        | Reached skill level 10 in Fighting
   969 | D        | Noticed an oklob plant
   972 | D        | Killed an oklob plant
   972 | D        | Reached skill level 10 in Dodging
   972 | D        | Reached XP level 10. HP: 55/110 MP: 9/9
  1028 | D        | Noticed a trapdoor spider
  1029 | D        | Killed a trapdoor spider
  1064 | D        | Noticed a trapdoor spider
  1065 | D        | Noticed a trapdoor spider
  1071 | D        | Killed a trapdoor spider
  1071 | D        | Acquired Trog's third power
  1073 | D        | Killed a trapdoor spider
  1105 | D        | Noticed a trapdoor spider
  1109 | D        | Killed a trapdoor spider
  1109 | D        | Reached skill level 12 in Unarmed Combat
  1157 | D        | Noticed a jelly
  1157 | D        | Noticed a jelly
  1202 | D        | Found Axteymo's Antique Armour Boutique.
  1239 | D        | Noticed a demonic crawler
  1239 | D        | Noticed a demonic crawler
  1239 | D        | Noticed a demonic crawler
  1239 | D        | Noticed a demonic crawler
  1249 | D        | Killed a demonic crawler
  1250 | D        | Killed a demonic crawler
  1250 | D        | Received a gift from Trog
  1253 | D        | Killed a demonic crawler
  1255 | D        | Killed a demonic crawler
  1342 | D        | Noticed a gargoyle
  1355 | D        | Killed a gargoyle
  1385 | D        | Noticed a lindwurm
  1393 | D        | Killed a lindwurm
  1513 | D        | Noticed a hog
  1513 | D        | Noticed a hog
  1513 | D        | Noticed a hog
  1513 | D        | Noticed a hog
  1513 | D        | Noticed a hog
  1513 | D        | Noticed a hog
  1516 | D        | Killed a hog
  1516 | D        | Received a gift from Trog
  1521 | D        | Noticed a hog
  1521 | D        | Noticed a hog
  1521 | D        | Noticed a hog
  1522 | D        | Killed a hog
  1526 | D        | Killed a hog
  1526 | D        | Received a gift from Trog
  1527 | D        | Noticed a hog
  1528 | D        | Noticed a hog
  1534 | D        | Killed a hog
  1537 | D        | Noticed a hog
  1537 | D        | Killed a hog
  1541 | D        | Noticed a hog
  1541 | D        | Killed a hog
  1543 | D        | Killed a hog
  1552 | D        | Killed a hog
  1552 | D        | Reached skill level 13 in Unarmed Combat
  1555 | D        | Killed a hog
  1558 | D        | Killed a hog
  1558 | D        | Received a gift from Trog
  1570 | D        | Killed a hog
  1574 | D        | Killed a hog
  1574 | D        | Reached XP level 11. HP: 69/120 MP: 10/10
  1579 | D        | Killed a hog
  1638 | D        | Noticed a 12-headed hydra
  1643 | D        | Paralysed by a giant eyeball for 4 turns
  1644 | D        | HP: 4/120 [12-headed hydra (6)]
  1644 | D        | Slain by a 12-headed hydra

Vault maps used:
D:        dungeon_sprint_1

Action                   |  1- 3 |  4- 6 |  7- 9 | 10-12 || total
-------------------------+-------+-------+-------+-------++-------
Melee: Unarmed           |       |     2 |    18 |    82 ||   102
 Fire: Blowgun           |       |       |     5 |     2 ||     7
Throw: Large rock        |     6 |    14 |    18 |     9 ||    47
       Throwing net      |       |     1 |     2 |     1 ||     4
Invok: Berserk           |       |       |       |     1 ||     1
       Brothers in Arms  |       |       |       |     1 ||     1
  Use: Scroll            |       |       |     1 |       ||     1
       Potion            |       |       |     1 |       ||     1
 Stab: Sleeping          |       |       |     1 |       ||     1
  Eat: Chunk             |       |     8 |     5 |     8 ||    21
